 Dungeon Crawl Stone Soup version 0.30.1 (webtiles) character file.

Game seed: 17559506735740069075

20 monsoonserge the Trooper (level 2, 27/27 HPs)
             Began as a Hill Orc Fighter on July 7, 2023.
             Was a Follower of Jiyva.
             Quit the game on level 1 of the Dungeon.
             The game lasted 00:01:45 (561 turns).

monsoonserge the Trooper (Hill Orc Fighter)          Turns: 561, Time: 00:01:45

Health: 27/27      AC:  7    Str: 18    XL:     2   Next: 79%
Magic:  2/2        EV:  9    Int:  8    God:    Jiyva [*.....]
Gold:   38         SH:  4    Dex: 10    Spells: 1/1 levels left

rFire   . . .        a - +0 war axe
rCold   . . .        c - +0 buckler
rNeg    . . .        b - +0 scale mail
rPois   .            (no helmet)
rElec   .            (no cloak)
rCorr   .            (no gloves)
SInv    .            (no boots)
Will    .....        f - amulet of magic regeneration Stlth
                     (no ring)
HPRegen 1.04/turn    (no ring)
MPRegen 0.73/turn

%: no passive effects
@: no status effects
A: no striking features
a: Renounce Religion


You were on level 1 of the Dungeon.
You worshipped Jiyva.
Jiyva was aware of your devotion.
You visited 1 branch of the dungeon, and saw 1 of its levels.

You collected 38 gold pieces.

Inventory:

Hand Weapons
 a - a +0 war axe (weapon)
Armour
 b - a +0 scale mail (worn)
 c - a +0 buckler (worn)
Jewellery
 f - an amulet of magic regeneration (around neck)
Scrolls
 g - a scroll of blinking {unknown}
Potions
 d - a potion of might
 e - a potion of degeneration {unknown}


   Skills:
 + Level 4.0 Fighting
 + Level 3.1 Axes
 + Level 3.7 Armour
 + Level 3.3 Shields


You had one spell level left.
You didn't know any spells.
Your spell library was empty.

Dungeon Overview and Level Annotations

Branches:
Dungeon (1/15)

Altars:
Jiyva


Message History

The kobold hits you with a +0 dagger.
You slash the kobold!
You kill the kobold!
Things that are here:
a +0 dagger; 4 stones
Things that are here:
a +0 dagger; 4 stones
Found a stone staircase leading down.
There is a stone staircase leading down here.
Found 3 stones.
A giant cockroach comes into view.
The giant cockroach barely misses you.
You barely miss the giant cockroach. The giant cockroach bites you.
The giant cockroach closely misses you.
You slash the giant cockroach!
You kill the giant cockroach!
A bat comes into view.
The bat hits you.
You miss the bat. The bat hits you but does no damage.
You block the bat's attack. The bat hits you but does no damage.
You barely miss the bat. The bat closely misses you.
The bat completely misses you.
You miss the bat. The bat hits you but does no damage. x2
You closely miss the bat. The bat hits you but does no damage.
You block the bat's attack. The bat hits you but does no damage.
You slash the bat!
You kill the bat!
You see here a bat corpse.
An endoplasm comes into view.
The endoplasm quivers.
You slash the endoplasm!
You kill the endoplasm!
Found two human skeletons.
Found two human skeletons.
Found a faded altar of an unknown god.
There is a faded altar of an unknown god here.
This altar belongs to (a) Jiyva, (b) Dithmenos or (c) Okawaru, but you can't tell which.
Press the corresponding letter to learn more about a god, or press enter to convert or escape to cancel.
Jiyva accepts your prayer! Jiyva welcomes you!
Jiyva begins accelerating your health and magic regeneration.
Are you sure you want to abandon this character and quit the game? (Confirm with "yes".)

##...## #.
#####.....##### #.
#...........).####.
###.8.....#.#.....#
#..÷...÷8#.#####.#
#........#.# #.#
#.......8#.# #.#
#........#.# #.#
#@.÷..÷.8#.### #.#
##########...# #.#
#......# #..
####...# ###
#######..######
........†......
########..#####
#..# #..#


There were no monsters in sight!

Vanquished Creatures
  2 dart slugs (D:1)
  2 ball pythons (D:1)
  2 endoplasms (D:1)
  A giant cockroach (D:1)
  A goblin (D:1)
  2 hobgoblins (D:1)
  4 bats (D:1)
  A kobold (D:1)
15 creatures vanquished.

Notes
Turn   | Place    | Note
-------+----------+-------------------------------------------
     0 | D:1      | monsoonserge the Hill Orc Fighter began the quest for the
                  | Orb.
     0 | D:1      | Reached XP level 1. HP: 19/19 MP: 1/1
   184 | D:1      | Reached XP level 2. HP: 27/27 MP: 2/2
   325 | D:1      | Reached skill level 4 in Fighting
   552 | D:1      | Found a faded altar of an unknown god.
   560 | D:1      | Prayed at the altar of an unknown god.
   560 | D:1      | Became a worshipper of Jiyva Joemahoa the Shapeless
   560 | D:1      | Reached * piety under Jiyva
   561 | D:1      | Quit the game

Illustrated notes

Levels and vault maps discovered:
D:1:      minmay_arrival_pointy, layout_loops_ring,
          shapermc_ecumenical_altar_pompeii, minmay_misc_feat_enclosed,
          chequers_decorated_corner

Skill      XL: |  1  2 |
---------------+-------+-----
Axes           | 3 |  3.1
Fighting       | 4 |  4.0
Armour         | |  3.7
Shields        | |  3.3

Action                     || total
---------------------------++-------
  Melee: War axe           ||    39
 Armour: Scale mail        ||    24
  Dodge: Dodged            ||    26
  Block: Buckler           ||    11
